 Dungeon Crawl Stone Soup version 0.15-a0-674-g7948ca6 (webtiles) character file.

46 4tharraofdagon the Firebug (level 3, 0/19 HPs)
             Began as a Tengu Fire Elementalist on May 9, 2014.
             Slain by a quokka (4 damage)
             ... on Level 4 of the Dungeon.
             The game lasted 00:03:12 (580 turns).

4tharraofdagon the Firebug (Tengu Fire Elementalist) Turns: 580, Time: 00:03:13

HP   0/19        AC  2     Str  8      XL: 3   Next: 66%
MP   3/7         EV 12     Int 16      God:
Gold 66          SH  0     Dex 14      Spells:  2 memorised,  2 levels left

rFire  . . .     SeeInvis .     e - +3,+0 short sword
rCold  . . .     Clarity  .     a - +0 robe
rNeg   . . .     Conserve .     (no shield)
rPois  .         rCorr    .     (helmet restricted)
rElec  .         rRot     .     (no cloak)
SustAb . .       Spirit   .     (no gloves)
rMut   .         Warding  .     (boots unavailable)
Saprov . . .     Stasis   .     (no amulet)
MR     .....                    (no ring)
                                (no ring)

@: very slightly contaminated, not resistant to hostile enchantments, unstealthy
A: beak, talons 3
a: no special abilities


You were on level 4 of the Dungeon.
You were not hungry.

You visited 1 branch of the dungeon, and saw 4 of its levels.

You collected 66 gold pieces.

Inventory:

Hand weapons
 e - a +3,+0 short sword (weapon)
Armour
 a - a +0 robe (worn)
Comestibles
 c - 2 bread rations
 g - a snozzcumber
Scrolls
 d - 3 scrolls of identify {unknown}
Potions
 f - a potion of mutation {unknown}
 h - a potion of agility {unknown}
Books
 b - a book of Flames

   Spells                             Type                      Level
   *Flame Tongue                      Conjuration/Fire             1
   Throw Flame                        Conjuration/Fire             2
   *Conjure Flame                     Conjuration/Fire             3
   Inner Flame                        Hexes/Fire                   3
   Sticky Flame                       Conjuration/Fire             4
   Fireball                           Conjuration/Fire             5


   Skills:
 - Level 2.1 Dodging
 - Level 2.0 Stealth
 + Level 2.4 Spellcasting
 * Level 2.8 Conjurations
 * Level 4.1 Fire Magic


You had 2 spell levels left.
You knew the following spells:

 Your Spells              Type           Power        Failure   Level  Hunger
a - Flame Tongue          Conj/Fire      ##...        6%          1    #......
b - Conjure Flame         Conj/Fire      ##......     14%         3    ####...


Dungeon Overview and Level Annotations

Branches:
Dungeon (4/15)
 Temple: D:4-7

Altars:
Nemelex Xobeh


Innate Abilities, Weirdness & Mutations

You have a beak for a mouth.
You have claws for feet.


Message History

The quokka bites you.
* * * LOW HITPOINT WARNING * * *
Casting: Flame Tongue
Confirm with . or Enter, or press ? or * to list all spells.
Aiming: Flame Tongue
Press: ? - help, Shift-Dir - straight line, f/p - quokka
Aim: a quokka (lightly wounded)
You miscast Flame Tongue.
Sparks fly from your hands! The quokka barely misses you.
Casting: Flame Tongue
Confirm with . or Enter, or press ? or * to list all spells.
Aiming: Flame Tongue
Press: ? - help, Shift-Dir - straight line, f/p - quokka
Aim: a quokka (lightly wounded)
The flame tongue hits the quokka.
The quokka is almost dead.
The quokka misses you.
The quokka twitches its whiskers.
The quokka bites you.
You die...

### ..# #.# #>#
#.# #.# #r#
####### #@#
#.....# #.# ####
#.###.# #.#. ..#
#.# #.#.##.# #.#
#.#....#
#.###.#.#..#
###.....###..#
#..............#
##############.#


You could see a quokka.

Vanquished Creatures
  An adder (D:2)
  A giant mite (D:2)
  2 giant geckos
  An ooze (D:1)
  An orc (D:3)
  4 hobgoblins
  A quokka (D:3)
  3 bats
  A giant newt (D:1)
  6 goblins
  2 kobolds
  A rat (D:1)
24 creatures vanquished.

Notes
Turn   | Place    | Note
--------------------------------------------------------------
     0 | D:1      | 4tharraofdagon, the Tengu Fire Elementalist, began the quest for the Orb.
     0 | D:1      | Reached XP level 1. HP: 10/10 MP: 3/3
   153 | D:1      | Reached XP level 2. HP: 6/15 MP: 0/5
   349 | D:2      | Found a sparkling altar of Nemelex Xobeh.
   390 | D:2      | Reached XP level 3. HP: 11/19 MP: 2/7
   395 | D:2      | Learned a level 3 spell: Conjure Flame
   444 | D:2      | Reached skill level 4 in Fire Magic
   580 | D:4      | Slain by a quokka

Action                   || total
-------------------------++-------
Melee: Unarmed           ||    15
       Short sword       ||    15
 Cast: Flame Tongue      ||    38
  Use: Potion            ||     1

Vault maps used:
D:1:      tarquinn_simple_flora_water_a, serial_co_window_serial,
          co_window_corner_a, co_window_paths_a, co_window_corner_a,
          co_window_paths_a, co_window_paths_a, co_window_2corner,
          co_window_of_opportunity_b, co_window_2corner, co_window_2corner,
          co_window_paths_c, glass_columns_a, glass_columns_b,
          hangedman_feature_mirror
D:2:      zin_scriptorium, old_standard_altar, first_bread,
          kennysheep_crisscross
